 Dungeon Crawl Stone Soup version 0.31-a0-1074-g0b22e4e0f1 (webtiles) character file.

Game seed: 8674402535765668101

186 Fodor the Chopper (level 5, 0/47 HPs)
             Began as a Minotaur Fighter on Dec 2, 2023.
             Splashed by a jelly's acid (8 damage)
             ... on level 4 of the Dungeon.
             The game lasted 00:14:00 (2902 turns).

Fodor the Chopper (Minotaur Fighter)                Turns: 2902, Time: 00:14:00

Health: 0/47       AC: -2    Str: 23    XL:     5   Next: 38%
Magic:  4/4        EV:  8    Int:  5    God:
Gold:   178        SH:  4    Dex:  9    Spells: 4/4 levels left

rFire   . . .        a - +0 war axe
rCold   . . .        c - +0 buckler
rNeg    . . .        s - +0 chain mail
rPois   .            (helmet restricted)
rElec   .            (no cloak)
rCorr   .            (no gloves)
SInv    .            (no boots)
Will    .....        (no amulet) Stlth
                     (no ring)
HPRegen 0.27/turn    (no ring)
MPRegen 0.09/turn

%: no passive effects
@: corroded
A: horns 2, retaliatory headbutt
a: no special abilities


You were on level 4 of the Dungeon.
You visited 1 branch of the dungeon, and saw 4 of its levels.

You collected 178 gold pieces.

Inventory:

Hand Weapons
 a - a +0 war axe (weapon)
Missiles
 f - 7 boomerangs (quivered)
Armour
 c - a +0 buckler (worn)
 s - a +0 chain mail (worn)
Jewellery
 n - an amulet of magic regeneration
Talismans
 e - a flux talisman
Scrolls
 g - 4 scrolls of teleportation {unknown}
 j - 5 scrolls of identify {unknown}
 l - 2 scrolls of vulnerability {unknown}
 m - a scroll of noise {unknown}
 q - a scroll of immolation {unknown}
Potions
 d - a potion of might
 h - a potion of resistance {unknown}
 i - a potion of mutation {unknown}
 k - a potion of magic {unknown}
 o - a potion of attraction {unknown}
 p - a potion of heal wounds {unknown}
 r - a potion of invisibility {unknown}


   Skills:
 + Level 4.4 Fighting
 + Level 4.9 Axes
 + Level 0.8 Throwing
 + Level 4.6 Armour
 + Level 0.5 Dodging
 + Level 4.1 Shields


You had 4 spell levels left.
You didn't know any spells.
Your spell library contained the following spells:

 Spells                   Type           Power      Damage    Failure   Level
 Magic Dart               Conj           0%         1d3       98%         1
 Sting                    Tmut/Pois      0%         1d3       98%         1
 Call Imp                 Summ           0%         N/A       99%         2
 Mephitic Cloud           Conj/Pois/Air  0%         N/A       100%        3


Dungeon Overview and Level Annotations

Branches:
Dungeon (4/15)
 Temple: D:4-7

Altars:
Nemelex Xobeh


Innate Abilities, Weirdness & Mutations

You have a pair of horns on your head.
You reflexively headbutt those who attack you in melee.


Message History

The scorpion stings you.
You hit the scorpion but do no damage. Your headbutt misses the scorpion.
The scorpion is almost dead.
The scorpion stings you. You block the scorpion's attack.
You slash the scorpion!
You kill the scorpion!
You have reached level 5!
You see here a scorpion corpse.
You start resting.
HP restored.
A jelly comes into view.
Found a stone staircase leading up and a stone staircase leading down.
A ball python comes into view.
The ball python hisses angrily.
A worm comes into view.
The jelly jiggles.
The jelly barely misses you.
You hit the jelly. The acid corrodes you!
Your hands burn!
You headbutt the jelly.
The jelly is lightly wounded.
The jelly hits you but does no damage. The jelly attacks as it pursues you!
The jelly hits you but does no damage. The jelly hits you but does no damage.
The ball python barely misses you. The ball python grabs you.
The ball python constricts you.
You escape the ball python's grasp.
The jelly attacks as it pursues you! The jelly hits you. The acid corrodes you!
You are splashed with acid.
You barely miss the jelly.
The jelly is lightly wounded.
The jelly hits you. The acid corrodes you!
You are splashed with acid!
You hit the jelly.
Your hands burn!
The jelly is heavily wounded.
The jelly hits you.
You are splashed with acid!
* * * LOW HITPOINT WARNING * * *
You completely miss the jelly.
The jelly is heavily wounded.
The jelly barely misses you. The jelly hits you.
* * * LOW HITPOINT WARNING * * *
You are splashed with acid!
You die...

###### ### #####
####.#..#######.#######.##.
#.......SJ@...†.#.......##.
#..#....#######.#.#####.##.
......w....# #.#.# #.#..
###......#.#####.#.#####.#..
......<................#.#..
.......................#.#..
.......................#.#..
.....>.................#.#..
.......................#.#..


You could see a worm, a jelly and a ball python.

Vanquished Creatures
  A scorpion (D:4)
  Terence (D:3)
  Robin (D:3)
  2 adders (D:2)
  2 worms
  A dart slug (D:2)
  An orc (D:4)
  4 endoplasms
  3 giant cockroaches
  11 goblins
  8 hobgoblins
  4 jackals (D:2)
  A quokka (D:2)
  5 ball pythons
  7 bats
  A frilled lizard (D:1)
  4 kobolds
  5 rats
62 creatures vanquished.

Notes
Turn   | Place    | Note
-------+----------+-------------------------------------------
     0 | D:1      | Fodor the Minotaur Fighter began the quest for the Orb.
     0 | D:1      | Reached XP level 1. HP: 19/19 MP: 0/0
   398 | D:1      | Reached XP level 2. HP: 27/27 MP: 1/1
  1159 | D:2      | Reached XP level 3. HP: 33/33 MP: 2/2
  1829 | D:3      | Noticed Terence
  1830 | D:3      | Noticed Robin
  1835 | D:3      | Reached XP level 4. HP: 40/40 MP: 3/3
  1839 | D:3      | Killed Terence
  1856 | D:3      | Killed Robin
  2328 | D:3      | Found a faded altar of an unknown god.
  2343 | D:3      | Got Plato's Anthology of Contamination
  2417 | D:3      | Found a sparkling altar of Nemelex Xobeh.
  2803 | D:4      | Noticed a scorpion
  2810 | D:4      | Killed a scorpion
  2811 | D:4      | Reached XP level 5. HP: 25/47 MP: 4/4
  2902 | D:4      | Splashed by a jelly's acid

Illustrated notes

Levels and vault maps discovered:
D:1:      saegor_arrival_simple_c, layout_basic, minmay_hedge_maze,
          roderic_lattice_a, minmay_misc_feat_hallway, nicolae_the_louvre
D:2:      layout_loops_ring, patterned_corridor
D:3:      layout_loops_ring, nemelex_diamond_rough_becter,
          shapermc_ecumenical_altar_rom_forum, uniq_terence, uniq_robin
D:4:      layout_basic, minmay_temple_entry_statues, ebering_ghost_sewer_d

Skill      XL: |  1  2  3  4 |
---------------+-------------+-----
Axes           | 3 4 |  4.9
Armour         | 4 |  4.6
Fighting       | 4 |  4.4
Shields        | 4 |  4.1
Throwing       | |  0.8
Dodging        | |  0.5

Action                     |  1- 3 |  4- 6 || total
---------------------------+-------+-------++-------
  Melee: War axe           |    81 |    49 ||   130
         Headbutt          |    12 |     8 ||    20
  Throw: Boomerang         |     2 |       ||     2
 Armour: Scale mail        |    60 |    34 ||    94
         Chain mail        |       |    21 ||    21
  Dodge: Dodged            |    41 |    17 ||    58
  Block: Buckler           |    16 |    10 ||    26

Table legend: (Time is in decaauts)
 A = Elapsed time spent in this place.
 B = Non-inter-level travel time spent in this place.
 C = Inter-level travel time spent in this place.
 D = Time resting spent in this place.
 E = Time spent auto-exploring this place.
 F = Levels seen in this place.
 G = Mean time per level.
                   A        B        C        D        E       F      G
               +--------+--------+--------+--------+--------+-----+--------+
         Total |   2946 |   2666 |    280 |     95 |      0 |   4 |  736.5 |
       Dungeon |   2946 |   2666 |    280 |     95 |      0 |   4 |  736.5 |
               +--------+--------+--------+--------+--------+-----+--------+

Top non-repeatable levels by time:
     D:1: 1145 daAuts
     D:3: 816 daAuts
     D:2: 710 daAuts
     D:4: 273 daAuts
